 Dungeon Crawl Stone Soup version 0.29.0-4-gdea44cf6ec (webtiles) character file.

Game seed: 5719072100523159775

33 qw the Chopper (level 3, -2/21 HPs)
             Began as a Tengu Warper on Aug 28, 2022.
             Hit by a javelin thrown by a hobgoblin (10 damage)
             ... on level 1 of the Dungeon.
             The game lasted 00:00:05 (1023 turns).

qw the Chopper (Tengu Warper)                       Turns: 1023, Time: 00:00:06

Health: -2/21      AC:  3    Str: 13    XL:     3   Next: 29%
Magic:  7/7        EV: 12    Int: 13    God:
Gold:   50         SH:  0    Dex: 13    Spells: 6/6 levels left

rFire   . . .      SeeInvis .   Y - +0 hand axe
rCold   . . .      Faith    .   (no shield)
rNeg    . . .      Spirit   .   b - +0 leather armour
rPois   .          Reflect  .   (helmet restricted)
rElec   .          Harm     .   (no cloak)
rCorr   .          Rampage  .   (no gloves)
Will    .....                   (boots unavailable)
Stlth   +.........              (no amulet)
HPRegen 0.07/turn               (no ring)
MPRegen 0.10/turn               (no ring)

@: no status effects
A: beak, talons 3
a: no special abilities


You were on level 1 of the Dungeon.
You visited 1 branch of the dungeon, and saw 2 of its levels.

You collected 50 gold pieces.


Innate Abilities, Weirdness & Mutations

You have a beak for a mouth.
You have claws for feet.


   Skills:
 - Level 2.0 Fighting
 + Level 4.0 Axes
 - Level 1.0 Throwing
 - Level 1.1 Armour
 - Level 2.1 Dodging
 - Level 2.0 Spellcasting
 - Level 2.4 Translocations


You had 6 spell levels left.
You didn't know any spells.
Your spell library contained the following spells:

 Spells                   Type           Power      Damage    Failure   Level
 Blink                    Tloc           14%        N/A       19%         2
 Gell's Gravitas          Tloc           7%         N/A       36%         3
 Lesser Beckoning         Tloc           7%         N/A       36%         3
 Teleport Other           Tloc           7%         N/A       36%         3
 Manifold Assault         Tloc           7%         N/A       98%         5

Inventory:

Hand Weapons
 d - a +0 whip
 Y - a +0 hand axe (weapon)
Armour
 b - a +0 leather armour (worn)
Scrolls
 a - a scroll of teleportation {unknown}
Potions
 e - a potion of attraction {unknown}
 f - a potion of flight {unknown}
 g - a potion of mutation {unknown}
 h - a potion of resistance {unknown}
 i - a potion of curing {unknown}
 l - a potion of cancellation {unknown}

Dungeon Overview and Level Annotations

Branches:
Dungeon (2/15)

Altars:


Message History

You see here a bat corpse.
A rat comes into view.
You hit the rat. You claw the rat.
You kill the rat!
A hobgoblin comes into view.
The hobgoblin shouts!
A dart slug comes into view.
945 ||| Stepping ~*~*~tactically~*~*~ (stealth).
You see here a bat corpse.
947 ||| Stepping ~*~*~tactically~*~*~ (hiding).
A quokka comes into view.
You see here a bat corpse.
948 ||| Stepping ~*~*~tactically~*~*~ (stealth).
You hit the hobgoblin but do no damage. Your peck misses the hobgoblin.
The hobgoblin hits you. The hobgoblin misses you.
You barely miss the hobgoblin.
The hobgoblin hits you but does no damage.
You barely miss the hobgoblin. Your peck misses the hobgoblin.
The hobgoblin hits you.
You closely miss the hobgoblin. Your peck misses the hobgoblin.
The hobgoblin closely misses you.
You hit the hobgoblin. You claw the hobgoblin.
The hobgoblin is almost dead.
The hobgoblin misses you.
You barely miss the hobgoblin.
The hobgoblin is almost dead.
The hobgoblin closely misses you.
You hit the hobgoblin.
You kill the hobgoblin!
You hit the dart slug but do no damage. You slash the dart slug!
You claw the dart slug.
You kill the dart slug!
Your Axes skill increases to level 4!
You start resting.
A hobgoblin comes into view.
The hobgoblin shouts!
The hobgoblin throws a javelin.
The javelin pierces through you!
The hobgoblin throws a javelin.
The javelin pierces through you.
The hobgoblin throws a javelin.
The javelin pierces through you!
You die...

#.....# #.....#
#.....#######
#....>.....(. .
##...)#######
##.#...## #......## .
#.##.#..###### ...
#....#......@#####..w.
######.#####.%#.......
...# ##.........
######## ##........
..# #......r. #.#
#........ # #.#
#....g... ## #.#
##....... #. #####.#
..##### #.


You could see a hobgoblin.

Vanquished Creatures
  2 dart slugs (D:1)
  2 giant cockroaches (D:1)
  4 goblins (D:1)
  A hobgoblin (D:1)
  2 quokkas (D:1)
  4 bats
  2 kobolds (D:1)
  A rat (D:1)
18 creatures vanquished.

Vanquished Creatures (collateral kills)
  An adder (D:2)
  A hobgoblin (D:2)
2 creatures vanquished.

Grand Total: 20 creatures vanquished

Notes
Turn   | Place    | Note
-------+----------+-------------------------------------------
     0 | D:1      | qw the Tengu Warper began the quest for the Orb.
     0 | D:1      | Reached XP level 1. HP: 12/12 MP: 4/4
     0 | D:1      | 0 ||| qw: Version: 0.1-a-89-g26bdef1
     0 | D:1      | 0 ||| qw: Game counter: 74
     0 | D:1      | 0 ||| qw: Always use a shield: true
     0 | D:1      | 0 ||| qw: God list: Okawaru
     0 | D:1      | 0 ||| qw: Allow faded altars: false
     0 | D:1      | 0 ||| qw: Do Orc after D:15 true
     0 | D:1      | 0 ||| qw: Do second Lair branch before Depths: true
     0 | D:1      | 0 ||| qw: Lair rune preference: random
     0 | D:1      | 0 ||| qw: Plans: Normal
     0 | D:1      | 0 ||| PLANNING D:1-11
   407 | D:1      | Reached skill level 3 in Axes
   407 | D:1      | Reached XP level 2. HP: 17/17 MP: 6/6
   562 | D:1      | 562 ||| Stepping ~*~*~tactically~*~*~ (hiding).
   840 | D:1      | You fall into a shaft and drop 1 floor!
   901 | D:2      | 901 ||| READING scroll labelled IHEOHU AZXABB.
   902 | D:2      | 902 ||| READING scroll labelled DAGU BEYDOUXO.
   903 | D:2      | 903 ||| DROPPING scroll of blinking.
   914 | D:2      | Reached XP level 3. HP: 21/21 MP: 7/7
   945 | D:1      | 945 ||| Stepping ~*~*~tactically~*~*~ (stealth).
   947 | D:1      | 947 ||| Stepping ~*~*~tactically~*~*~ (hiding).
   948 | D:1      | 948 ||| Stepping ~*~*~tactically~*~*~ (stealth).
   959 | D:1      | Reached skill level 4 in Axes
  1023 | D:1      | Hit by a javelin thrown by a hobgoblin

Levels and vault maps discovered:
D:1:      evilmike_arrival_rings, layout_basic
D:2:      layout_loops_ring

Skill      XL: |  1  2  3 |
---------------+----------+-----
Axes           | 3 4 |  4.0
Fighting       | |  2.0
Throwing       | |  1.0
Armour         | |  1.1
Dodging        | |  2.1
Spellcasting   | |  2.0
Translocations | |  2.4

Action                   || total
-------------------------++-------
Melee: Hand axe          ||    45
       Kick              ||    13
       Peck              ||     1
Throw: Boomerang         ||     7
  Use: Scroll            ||     2
Armor: Leather armour    ||    17
Dodge: Dodged            ||    26

Table legend:
 A = Non-vault XP
 B = Vault XP
 C = Vault XP percentage of total XP
 D = Non-vault monster count
 E = Vault monster count
 F = Vault count percentage of total count
                 A         B        C        D         E       F
            +---------+---------+-------+---------+---------+-------
      Total |      48 |       0 |   0.0 |      20 |       0 |   0.0
            +---------+---------+-------+---------+---------+-------
        D:1 |      32 |       0 |   0.0 |      17 |       0 |   0.0
        D:2 |      16 |       0 |   0.0 |       3 |       0 |   0.0
            +---------+---------+-------+---------+---------+-------
